 Dungeon Crawl Stone Soup version 0.29.1-15-g9cfb28693d (webtiles) character file.

Game seed: 1349396655128055978

49 workbot the Chopper (level 3, -9/31 HPs)
             Began as a Minotaur Berserker on Mar 1, 2023.
             Was a Believer of Trog.
             Mangled by a goblin
             ... wielding a +2 dagger of electrocution
              (17 damage)
             ... on level 2 of the Dungeon.
             The game lasted 00:03:14 (1361 turns).

workbot the Chopper (Minotaur Berserker)            Turns: 1361, Time: 00:03:17

Health: -9/31      AC:  5    Str: 23    XL:     3   Next: 51%
Magic:  2/2        EV: 11    Int:  4    God:    Trog [**....]
Gold:   135        SH:  0    Dex:  9    Spells: 2/2 levels left

rFire   . . .      SeeInvis .   a - +0 hand axe
rCold   . . .      Faith    .   (no shield)
rNeg    . . .      Spirit   .   d - +0 ring mail
rPois   .          Reflect  .   (helmet restricted)
rElec   .          Harm     .   (no cloak)
rCorr   .          Rampage  .   (no gloves)
Will    .....                   (no boots)
Stlth   ..........              (no amulet)
HPRegen 0.10/turn               (no ring)
MPRegen 0.08/turn               (no ring)

@: no status effects
A: horns 2, retaliatory headbutt
a: Renounce Religion, Berserk, Trog's Hand


You were on level 2 of the Dungeon.
You worshipped Trog.
Trog was pleased with you.
You visited 1 branch of the dungeon, and saw 2 of its levels.

You collected 135 gold pieces.

Inventory:

Hand Weapons
 a - a +0 hand axe (weapon)
Armour
 d - a +0 ring mail (worn)
Potions
 b - a potion of curing {unknown}
 c - a potion of experience {unknown}
 e - a potion of magic
 f - a potion of cancellation {unknown}


   Skills:
 - Level 3.6 Fighting
 * Level 5.5 Axes
 - Level 2.4 Armour
 - Level 2.1 Dodging


You had 2 spell levels left.
You didn't know any spells.
Your spell library contained the following spells:

 Spells                   Type           Power      Damage    Failure   Level
 Ignite Poison            Fire/Tmut/Pois 0%         N/A       95%         3
 Mephitic Cloud           Conj/Pois/Air  0%         N/A       95%         3
 Freezing Cloud           Conj/Ice/Air   0%         6-21      100%        5


Dungeon Overview and Level Annotations

Branches:
Dungeon (2/15)

Altars:


Innate Abilities, Weirdness & Mutations

You have a pair of horns on your head.
You reflexively headbutt those who attack you in melee.


Message History

You feel yourself speed up.
You recover from your berserk rage.
A goblin comes into view. It is wielding a +0 dagger.
Found a Trismegistus Codex.
You see here 9 stones.
Found a mace.
You barely miss the goblin. The goblin barely misses you.
You barely miss the goblin. The goblin hits you but does no damage.
You slash the goblin!
You kill the goblin!
Trog accepts your kill.
No target in view!
You see here a Trismegistus Codex.
You pick up a Trismegistus Codex and begin reading...
You add the spells Ignite Poison, Mephitic Cloud and Freezing Cloud to your library.
A goblin comes into view.
It is wielding a +2 dagger of electrocution.
The goblin moves out of view.
The goblin throws a stone.
The stone closely misses you.
The goblin throws a stone.
The stone closely misses you.
A ball python comes into view.
The ball python hisses angrily.
You closely miss the ball python. The ball python closely misses you.
The ball python barely misses you.
You hit the goblin but do no damage. You hit the ball python.
You kill the ball python!
Trog accepts your kill. The goblin hits you but does no damage.
You are electrocuted!!
Ouch! That really hurt!
You are too injured to fight recklessly!
You are too injured to fight recklessly!
You hit the goblin but do no damage.
The goblin hits you with a +2 dagger of electrocution.
* * * LOW HITPOINT WARNING * * *
You closely miss the goblin. You headbutt the goblin.
The goblin is heavily wounded.
The goblin hits you with a +2 dagger of electrocution.
* * * LOW HITPOINT WARNING * * *
You are electrocuted!
Ouch! That really hurt!
You die...

.... .... ..... .....
...... ......# ...
.......### #......
......g@.## #...).## .
.......#..# #...... .##
.......##.###.##.####...
.......##..##.........#
.....................#
.....#.###.....).....#
...###. #...........#
### ## ##..........#
#.......(..#


You could see a goblin.

Vanquished Creatures
  An adder (D:2)
  A dart slug (D:1)
  An orc (D:2)
  3 endoplasms (D:1)
  A giant cockroach (D:1)
  2 goblins
  3 hobgoblins
  2 jackals (D:1)
  A kobold (D:1)
  2 quokkas (D:1)
  5 ball pythons
  4 bats
  5 frilled lizards (D:1)
  7 rats
38 creatures vanquished.

Notes
Turn   | Place    | Note
-------+----------+-------------------------------------------
     0 | D:1      | workbot the Minotaur Berserker began the quest for the Orb.
     0 | D:1      | Reached XP level 1. HP: 19/19 MP: 0/0
   328 | D:1      | Found a faded altar of an unknown god.
   368 | D:1      | Reached skill level 4 in Axes
   457 | D:1      | Reached XP level 2. HP: 24/26 MP: 1/1
   769 | D:1      | Reached skill level 5 in Axes
   962 | D:1      | Reached XP level 3. HP: 31/31 MP: 2/2
  1275 | D:2      | Reached ** piety under Trog
  1361 | D:2      | Mangled by a goblin

Illustrated notes

Levels and vault maps discovered:
D:1:      minmay_arrival_widening_spiral_wide, layout_loops_ring,
          ebering_ecumenical_altar_abandoned, minivault_5, minmay_cut_off
D:2:      layout_rooms, hangedman_glass_teeth

Skill      XL: |  1  2 |
---------------+-------+-----
Axes           | 4 5 |  5.5
Fighting       | |  3.6
Armour         | |  2.4
Dodging        | |  2.1

Action                   || total
-------------------------++-------
Melee: Hand axe          ||    61
       Headbutt          ||     8
Invok: Berserk           ||     2
  Use: Scroll            ||     2
Armor: Animal skin       ||    13
       Ring mail         ||    11
Dodge: Dodged            ||    46
